 Dungeon Crawl Stone Soup version 0.23.1 (webtiles) character file.

Game seed: 648903715902421291

1206 PentaManta the Slicer (level 8, -5/54 HPs)
             Began as a Kobold Artificer on Mar 14, 2019.
             Slain by an orc warrior
             ... wielding a +0 short sword
              (15 damage)
             ... on level 5 of the Dungeon.
             The game lasted 00:27:41 (6199 turns).

PentaManta the Slicer (Kobold Artificer)            Turns: 6199, Time: 00:27:42

Health: -5/54      AC: 11    Str:  9    XL:     8   Next: 73%
Magic:  0/10       EV: 17    Int: 12    God:
Gold:   490        SH:  0    Dex: 18    Spells: 7/7 levels left

rFire    . . .     SeeInvis .   a - +1 short sword
rCold    . . .     Gourm    .   (shield restricted)
rNeg     . . .     Faith    .   b - +0 leather armour
rPois    .         Spirit   +   (no helmet)
rElec    .         Reflect  .   j - +1 cloak
rCorr    .         Harm     .   (no gloves)
MR       .....                  i - +0 pair of boots
Stlth    ++........             t - amulet of guardian spirit
HPRegen  0.18/turn              h - +5 ring of protection
MPRegen  0.12/turn              l - +2 ring of evasion

@: no status effects
A: small, carnivore
a: no special abilities


You were on level 5 of the Dungeon.
You were full.

You visited 1 branch of the dungeon, and saw 6 of its levels.
You also visited: Ossuary.

You collected 490 gold pieces.

Inventory:

Hand Weapons
 a - a +1 short sword (weapon)
Missiles
 m - 87 stones (quivered)
Armour
 b - a +0 leather armour (worn)
 i - a +0 pair of boots (worn)
 j - a +1 cloak (worn)
Jewellery
 h - a +5 ring of protection (left hand)
 l - a +2 ring of evasion (right hand)
 t - an amulet of guardian spirit (around neck)
 x - an uncursed amulet of magic regeneration {unknown}
Wands
 d - a wand of enslavement (11)
Scrolls
 c - 3 scrolls of enchant weapon
 k - 3 scrolls of remove curse
 n - a scroll of amnesia
 o - a scroll of fear
 p - 3 scrolls of identify
 y - a scroll of enchant armour {unknown}
Potions
 e - 2 potions of mutation
 g - a potion of lignification {unknown}
 q - 2 potions of agility
 r - a potion of flight {unknown}
 s - 3 potions of berserk rage {unknown}
 u - 2 potions of curing {unknown}
 v - 2 potions of heal wounds {unknown}
 w - 3 potions of brilliance {unknown}
Comestibles
 f - 5 rations


   Skills:
 + Level 7.6 Fighting
 + Level 9.1 Short Blades
 - Level 2.4 Dodging
 - Level 1.3 Stealth
 - Level 3.6 Evocations


You had 7 spell levels left.
You didn't know any spells.
Your spell library was empty.

Dungeon Overview and Level Annotations

Branches:
Dungeon (6/15)
 Temple: D:4-7

Altars:
Gozag
Makhleb
Sif Muna

Annotations:
D:4 2 ogre


Innate Abilities, Weirdness & Mutations

You are small and have problems with some larger weapons.
You are carnivorous and can eat meat at any time.


Message History

The orc warrior is heavily wounded.
You hit the orc warrior.
The orc warrior is heavily wounded.
The orc warrior hits you but does no damage.
You hit the orc warrior.
The orc warrior is severely wounded.
The orc warrior hits you with a +0 short sword!
You completely miss the orc warrior.
The orc warrior is severely wounded.
You closely miss the orc warrior.
The orc warrior is severely wounded.
The orc warrior hits you with a +0 short sword!
* * * LOW HITPOINT WARNING * * *
Evoke which item? (* to show all) (? for menu, Esc to quit)
Aiming: Enslavement
Press: ? - help, Shift-Dir - straight line, f - orc warrior
Aim: an orc warrior, wielding a +0 short sword and wearing a +0 chain mail (severely wounded, chance to defeat MR: 56%)
The orc warrior resists with significant effort.
The orc warrior hits you with a +0 short sword!
You die...

##.###.## #.# #
##...## #.###
##.## #...# #.#
###.# #.# #.#
########## #.# #.#
#...^....# #.#
##.###.######.#
#.# ##...##.#
#.###
#.########@[#..#.#
#.#.#
#........)o###...#
#..#.
##########..#..###
#.#.# ##<.[####
#.#.# ##.....#
#.#.# #####.#
#.#.# #.# #....
#># #.... #.#
##...


You could see an orc warrior.

Vanquished Creatures
  An ice beast (D:5)
  A phantom (D:5)
  An ogre (D:4)
  2 elf zombies (Ossuary)
  A scorpion (D:4)
  A killer bee (D:6)
  3 crimson imps (D:5)
  An orc priest (D:5)
  2 orc wizards (D:5)
  2 hounds (D:6)
  An iguana (D:4)
  2 worker ants
  A big kobold zombie (Ossuary)
  A hound skeleton (D:5)
  2 mummies (Ossuary)
  A worker ant zombie (D:6)
  7 adders
  11 gnolls
  A howler monkey skeleton (D:4)
  2 oozes
  An adder skeleton (D:5)
  An adder zombie (D:5)
  3 worms
  2 dart slugs (D:1)
  5 leopard geckos
  11 orcs
  6 giant cockroaches
  2 gnoll zombies (Ossuary)
  4 goblins
  8 hobgoblins
  2 jackals (D:1)
  3 quokkas (D:5)
  5 bats
  3 frilled lizards
  2 goblin zombies
  5 hobgoblin zombies (Ossuary)
  7 kobolds
  3 orc zombies (Ossuary)
  8 rats
  A rat zombie (D:4)
126 creatures vanquished.

Vanquished Creatures (collateral kills)
  An adder (D:4)
  A frilled lizard (D:2)
2 creatures vanquished.

Vanquished Creatures (others)
  A giant cockroach (D:2)
1 creature vanquished.

Grand Total: 129 creatures vanquished

Notes
Turn   | Place    | Note
-------+----------+-------------------------------------------
     0 | D:1      | PentaManta the Kobold Artificer began the quest for the
                  | Orb.
     0 | D:1      | Reached XP level 1. HP: 12/12 MP: 3/3
   602 | D:2      | Reached skill level 2 in Short Blades
   602 | D:2      | Reached XP level 2. HP: 12/16 MP: 4/4
   879 | D:2      | Reached XP level 3. HP: 13/21 MP: 5/5
  1057 | D:1      | Reached skill level 3 in Short Blades
  1385 | D:1      | Reached XP level 4. HP: 22/27 MP: 6/6
  1973 | D:2      | Reached skill level 4 in Short Blades
  2091 | D:2      | Reached XP level 5. HP: 32/32 MP: 7/7
  2568 | D:2      | Found a faded altar of an unknown god.
  3220 | D:3      | Found a deep blue altar of Sif Muna.
  3342 | D:4      | Reached skill level 5 in Short Blades
  3342 | D:4      | Reached XP level 6. HP: 37/38 MP: 3/8
  3369 | D:4      | Found a sand-covered staircase.
  3393 | Ossuary  | Entered an ossuary
  3689 | Ossuary  | Reached skill level 5 in Fighting
  3689 | Ossuary  | Reached skill level 6 in Short Blades
  3689 | Ossuary  | Reached XP level 7. HP: 30/44 MP: 6/9
  3960 | D:4      | Noticed a two-headed ogre
  3976 | D:4      | Found an opulent altar of Gozag.
  4427 | D:4      | Reached skill level 7 in Short Blades
  4826 | D:5      | Entered Level 5 of the Dungeon
  5081 | D:5      | Reached XP level 8. HP: 42/52 MP: 10/10
  5227 | D:5      | Reached skill level 8 in Short Blades
  5500 | D:5      | Found a burning altar of Makhleb.
  5981 | D:6      | Reached skill level 9 in Short Blades
  6199 | D:5      | Slain by an orc warrior

Skill      XL: |  1  2  3  4  5  6  7  8 |
---------------+-------------------------+-----
Short Blades   | 2 3 4 5 6 7 9 |  9.1
Fighting       | 2 3 4 5 6 7 |  7.6
Dodging        | |  2.4
Stealth        | |  1.3
Evocations     | |  3.6

Action                   |  1- 3 |  4- 6 |  7- 9 || total
-------------------------+-------+-------+-------++-------
Melee: Short sword       |   127 |   444 |   549 ||  1120
Throw: Stone             |     2 |    26 |       ||    28
       Tomahawk          |       |       |     3 ||     3
Evoke: Wand              |     9 |    20 |     5 ||    34
  Use: Scroll            |       |     9 |       ||     9
 Stab: Sleeping          |     4 |     4 |     4 ||    12
  Eat: Chunk             |     5 |     4 |    15 ||    24
Armor: Leather armour    |    36 |   110 |   104 ||   250
Dodge: Dodged            |   140 |   256 |   323 ||   719
